 Dungeon Crawl Stone Soup version 0.16-a0-3623-gda98d6b (webtiles) character file.

163 Stone the Cudgeler (level 5, 0/41 HPs)
             Began as a Human Fighter on Jan 13, 2015.
             Slain by a hound (2 damage)
             ... on level 3 of the Dungeon.
             The game lasted 00:07:19 (2265 turns).

Stone the Cudgeler (Human Fighter)                  Turns: 2265, Time: 00:07:19

Health: 0/41       AC:  6    Str: 17    XL:     5   Next: 73%
Magic:  5/5        EV:  7    Int: 12    God:
Gold:   62         SH:  9    Dex: 12    Spells: 0 memorised, 4 levels left

rFire  . . .     SeeInvis .     a - +0 flail
rCold  + . .     Clarity  .     l - +1 ring mail {rC+}
rNeg   . . .     SustAb   .     n - +0 shield
rPois  .         Gourm    .     (no helmet)
rElec  .         Spirit   .     (no cloak)
rCorr  .         Warding  .     (no gloves)
rMut   .         Stasis   .     (no boots)
MR     .....                    (no amulet)
Stlth  +.........               (no ring)
                                m - +3 ring of intelligence

@: lethally poisoned, not resistant to hostile enchantments, very unstealthy
A: no striking features
a: no special abilities


You were on level 3 of the Dungeon.
You were not hungry.

You visited 1 branch of the dungeon, and saw 3 of its levels.

You collected 62 gold pieces.

Inventory:

Hand weapons
 a - a +0 flail (weapon)
Missiles
 j - 24 stones (quivered)
 k - 7 needles of confusion
Armour
 b - a +0 scale mail
 c - a +0 shield
 l - a +1 ring mail of cold resistance (worn)
 n - a +0 shield (worn)
Jewellery
 m - a +3 ring of intelligence (left hand)
Magical devices
 e - a wand of flame (26)
Scrolls
 f - a scroll of amnesia
 g - 2 scrolls of teleportation
 i - 5 scrolls of remove curse
 q - a scroll of identify {unknown}
Potions
 o - a potion of curing {unknown}
Comestibles
 d - 3 bread rations
 h - 8 chunks of flesh
 p - a beef jerky


   Skills:
 - Level 3.0 Fighting
 + Level 5.5 Maces & Flails
 - Level 3.0 Armour
 - Level 3.0 Shields


You had 4 spell levels left.
You didn't know any spells.

Dungeon Overview and Level Annotations

Branches:
Dungeon (3/15)

Altars:

Annotations:
D:3 Natasha


Message History

Natasha claws you. The kobold hits you but does no damage.
Your shield and ring mail prevent you from hitting Natasha.
Natasha is heavily wounded.
You block the hound's attack. Natasha claws you. The hound barely misses you.
The kobold hits you but does no damage.
You hit Natasha.
Natasha is almost dead.
You feel sick. The hound bites you but does no damage.
Natasha claws you but does no damage. The hound bites you but does no damage.
The kobold closely misses you. Natasha claws you.
* * * LOW HITPOINT WARNING * * *
You barely miss Natasha.
Natasha is almost dead.
The hound closely misses you. The kobold hits you but does no damage.
Natasha claws you but does no damage. The hound bites you.
* * * LOW HITPOINT WARNING * * *
You hit Natasha.
Natasha is almost dead.
The hound bites you.
You die...

###...###... #...#####...
#.#.## #.... ##....#
#.#.. ### #######.....#
#.#..
....##..>..#..##.###.#..
............(.##...#...)
...............####...##.
.......h@.((.............
.......Kh........#..#..##
......<.........#.###.#.
.....<............# #...
................$## ##..
...............# #.#
..##.....#.... ..# #
##.###..... .### #.# . .


You could see a hound, Natasha and a kobold.

Vanquished Creatures
  An orc wizard (D:3)
  Ijyb (D:2)
  Jessica (D:3)
  4 adders
  7 orcs (D:3)
  5 giant cockroaches
  4 hobgoblins
  6 jackals
  4 kobolds
  A quokka (D:2)
  10 bats
  6 giant newts
  8 goblins
  5 rats
63 creatures vanquished.

Notes
Turn   | Place    | Note
--------------------------------------------------------------
     0 | D:1      | Stone, the Human Fighter, began the quest for the Orb.
     0 | D:1      | Reached XP level 1. HP: 18/18 MP: 1/1
    91 | D:1      | Reached XP level 2. HP: 24/24 MP: 2/2
   516 | D:1      | Reached XP level 3. HP: 24/29 MP: 3/3
  1024 | D:2      | Reached skill level 4 in Maces & Flails
  1024 | D:2      | Reached XP level 4. HP: 22/35 MP: 4/4
  1575 | D:2      | Noticed Ijyb
  1589 | D:2      | Killed Ijyb
  1934 | D:3      | Noticed a sky beast
  1940 | D:3      | Noticed Jessica
  1964 | D:3      | Killed Jessica
  1964 | D:3      | Reached XP level 5. HP: 35/41 MP: 5/5
  1973 | D:3      | Reached skill level 5 in Maces & Flails
  2253 | D:3      | Noticed Natasha
  2264 | D:3      | HP: 2/41 [hound (5)]
  2265 | D:3      | Slain by a hound

Action                   |  1- 3 |  4- 6 || total
-------------------------+-------+-------++-------
Melee: Flail             |   133 |   117 ||   250
Throw: Stone             |     1 |       ||     1
  Use: Scroll            |     4 |     1 ||     5
       Potion            |       |     2 ||     2
  Eat: Chunk             |     1 |     2 ||     3
       Pizza             |       |     1 ||     1
